 Dungeon Sprint DCSS version 0.15-a0-1206-g3bad1a6 (webtiles) character file.

1000000 Infinimo the Warrior (level 11, -7/114 HPs)
             Began as a Centaur Gladiator on June 1, 2014.
             Mangled by a meat berserker
             ... wielding a +9,+9 battleaxe
              (12 damage)
             ... in the Dungeon (Sprint VIII: "Arena of Blood").
             The game lasted 00:00:47 (10 turns).

Infinimo the Warrior (Centaur Gladiator)              Turns: 10, Time: 00:00:48

HP  -7/114       AC  5     Str 18      XL: 11   Next: 37%
MP   8/8         EV 16     Int  7      God:
Gold 0           SH  0     Dex 13      Spells:  0 memorised, 10 levels left

rFire  . . .     SeeInvis .     l - +∞ Axe of Woe
rCold  . . .     Clarity  .     b - +0 leather armour
rNeg   . . .     rCorr    .     (no shield)
rPois  .         rRot     .     c - +0 helmet
rElec  .         Spirit   .     (no cloak)
SustAb .         Warding  .     (no gloves)
rMut   .         NoTele   +     (no barding)
Gourm  .                        (no amulet)
MR     .....                    (no ring)
                                (no ring)

@: very quick, not resistant to hostile enchantments, very unstealthy
A: hooves 3, deformed body, speed 2, tough skin 3
a: no special abilities


You were in the Dungeon.
You were not hungry.

You visited 1 branch

Inventory:

Hand weapons
 l - the +∞,+∞ Axe of Woe (weapon)
   (You found it in the Dungeon)
Missiles
 d - 3 throwing nets (quivered)
Armour
 b - a +0 leather armour (worn)
 c - a +0 helmet (worn)
Comestibles
 f - a bread ration
Scrolls
 k - a scroll of blinking
Potions
 e - a potion of curing
 g - a potion of heal wounds
 h - a potion of haste
 i - 2 potions of magic
 j - a potion of berserk rage


   Skills:
 + Level 15.9 Fighting
 + Level 14.8 Axes
 - Level 2.6 Throwing
 + Level 12.8 Dodging


You had 10 spell levels left.
You didn't know any spells.

Dungeon Overview and Level Annotations

Branches:
Dungeon (1/1)

Altars:
Makhleb


Innate Abilities, Weirdness & Mutations

You have hooves in place of feet.
Armour fits poorly on your strangely shaped body.
You cover ground very quickly.
You have extremely tough skin (AC +3).


Message History

You have reached level 7!
You have reached level 8!
You feel stronger.
You have reached level 9!
Your experience leads to an increase in your attributes!
Increase (S)trength, (I)ntelligence, or (D)exterity?
You feel agile.
You have reached level 10!
You have reached level 11!
You hear a shout! x10
The meat berserker hits you with a +9,+9 battleaxe!!
* * * LOW HITPOINT WARNING * * *
You hear a shout!
The meat berserker rages.
You hear a shout! x3
The bag of meat appears out of thin air!
A bag of meat comes into view. It is wielding a +9,+9 war axe.
You hear a shout! x3
The meat berserker hits you with a +9,+9 battleaxe!
You die...

... o..... .o.....
.. ........o ....
#.......# .#...
#.......#
.....###.... ..###.
..........###......
...#...oo@.._.....
.#.....OO#)....#..
........O#_.<._#
.#.......#.....#...
...#........_.......
..........###......
.....###.o.. ..###.
..... #.......# ....
#.......#


You could see 3 meat berserkers and 5 bags of meat.

Vanquished Creatures
  An ogre (D)
1 creature vanquished.

Notes
Turn   | Place    | Note
--------------------------------------------------------------
     0 | D        | Infinimo, the Centaur Gladiator, began the quest for the Orb.
     0 | D        | Reached XP level 1. HP: 17/17 MP: 1/1
     3 | D        | Noticed a bag of meat
     3 | D        | Noticed a meat berserker
     3 | D        | Noticed a meat berserker
     4 | D        | Noticed a meat berserker
     5 | D        | Noticed a meat berserker
     5 | D        | Noticed a bag of meat
     6 | D        | Noticed a bag of meat
     9 | D        | Noticed a bag of meat
    10 | D        | Killed a meat berserker
    10 | D        | Reached skill level 15 in Fighting
    10 | D        | Reached XP level 2. HP: 20/49 MP: 2/2
    10 | D        | Reached XP level 3. HP: 22/56 MP: 3/3
    10 | D        | Reached XP level 4. HP: 24/63 MP: 3/3
    10 | D        | Reached XP level 5. HP: 26/70 MP: 4/4
    10 | D        | Reached XP level 6. HP: 28/78 MP: 5/5
    10 | D        | Reached XP level 7. HP: 30/84 MP: 5/5
    10 | D        | Reached XP level 8. HP: 33/93 MP: 6/6
    10 | D        | Reached XP level 9. HP: 35/100 MP: 7/7
    10 | D        | Reached XP level 10. HP: 37/107 MP: 7/7
    10 | D        | Reached XP level 11. HP: 39/114 MP: 8/8
    10 | D        | HP: 5/114 [meat berserker/+9,+9 battleaxe (34)]
    10 | D        | Mangled by a meat berserker

Action                   |  1- 3 |  4- 6 |  7- 9 | 10-12 || total
-------------------------+-------+-------+-------+-------++-------
Melee: Executioner's axe |     1 |       |       |       ||     1
